Map: [ESL] Ghost River

Players

DRG - Winner!

  • Race: Zerg Zerg
  • Spawn Location: 11:00

NightMare

  • Race: Protoss Protoss
  • Spawn Location: 1:00

VOD

Have the link to the VOD?

Description

Time

  • Played on: May 16, 2024, 6:03 a.m.
  • Length: 10:10
Show
View Real Time Build Order
Export as new Build Order

DRG Zerg - Winner!

Build Orders: Hatch First 

Get SALT Encoding   

  12  0:00  Drone  
  13  0:11  Overlord  
  13  0:16  Drone  
  14  0:30  Drone x2  
  14  0:33  Drone  
  17  0:51  Hatchery  
  17  0:54  Drone  
  17  0:57  Drone  
  18  1:05  Drone  
  18  1:09  Extractor  
  18  1:15  Spawning Pool  
  17  1:19  Drone  
  18  1:27  Drone  
  19  1:39  Drone  
  20  1:49  Drone  
  21  1:59  Overlord  
  21  2:02  Queen  
  21  2:03  Queen  
  21  2:04  Drone  
  26  2:11  Zergling x2  
  26  2:12  Metabolic Boost  
  26  2:14  Zergling x2  
  28  2:21  Drone  
  29  2:24  Zergling x2  
  30  2:32  Drone  
  30  2:36  Drone  
  32  2:39  Queen  
  34  2:44  Hatchery  
  34  2:50  Overlord  
  33  2:52  Drone  
  33  2:56  Drone  
  35  2:59  Overlord  
  35  3:10  Drone  
  35  3:11  Drone x5  
  41  3:13  Drone  
  41  3:15  Drone  
  43  3:21  Queen  
  43  3:25  Overlord  
  45  3:28  Drone  
  45  3:30  Drone  
  45  3:33  Drone  
  48  3:36  Queen  
  48  3:40  Overlord  
  50  3:46  Drone  
  50  3:47  Drone, Baneling Nest  
  51  3:52  Drone x3  
  54  3:59  Queen  
  54  4:02  Zergling x6  
  59  4:05  Zergling x4  
  59  4:08  Zergling x4  
  62  4:15  Overlord  
  62  4:16  Zergling x6  
  62  4:17  Zergling x2  
  66  4:20  Zergling x4  
  66  4:22  Spore Crawler  
  67  4:26  Spore Crawler  
  67  4:29  Zergling x6  
  67  4:32  Baneling x5  
  67  4:34  Zergling x2  
  67  4:35  Zergling x2  
  69  4:40  Zergling x6  
  69  4:42  Baneling  
  72  4:46  Overlord  
  72  4:51  Drone x5  
  77  4:57  Overlord  
  77  4:59  Drone  
  78  5:00  Overlord  
  78  5:06  Drone  
  78  5:07  Drone x2  
  76  5:09  Drone  
  76  5:12  Roach Warren  
  76  5:13  Overlord  
  76  5:18  Drone  
  76  5:19  Drone x5  
  82  5:21  Extractor  
  82  5:22  Extractor  
  82  5:24  Lair  
  82  5:28  Drone x3  
  83  5:32  Drone x3  
  83  5:34  Drone x2  
  88  5:36  Drone  
  88  5:40  Extractor x2, Baneling x2  
  87  5:43  Overlord  
  87  5:44  Drone x3  
  87  5:48  Drone x3  
  93  5:52  Evolution Chamber  
  92  6:02  Overlord  
  92  6:03  Hatchery  
  91  6:04  Zergling x6  
  94  6:12  Drone x2  
  94  6:13  Roach x5  
  94  6:15  Overlord  
  105  6:18  Zerg Melee Weapons Level 1  
  105  6:19  Zergling x2  
  105  6:23  Glial Reconstitution  
  106  6:26  Overseer  
  106  6:29  Roach x2  
  106  6:30  Overlord  
  110  6:34  Roach x3  
  110  6:37  Overlord  
  120  6:40  Roach x2  
  120  6:44  Zergling x10  
  125  6:48  Roach  
  125  6:49  Roach x2  
  131  6:56  Baneling x5  
  131  6:58  Zergling x10  
  135  7:03  Roach x2  
  135  7:05  Overlord  
  135  7:06  Baneling x2  
  135  7:07  Baneling x3  
  139  7:09  Zergling x2  
  139  7:13  Baneling x4  
  140  7:18  Zergling x14  
  139  7:25  Zergling x4  
  141  7:30  Hatchery  
  141  7:33  Zergling x6  
  140  7:39  Zergling x2  
  140  7:41  Zergling x2  
  140  7:42  Zergling x6  
  142  7:47  Zergling x2  
  142  7:51  Baneling x21  
  143  7:56  Zergling x4  
  144  7:59  Overlord x2  
  144  8:02  Zergling x6  
  147  8:07  Zergling x2  
  147  8:11  Zergling x8  
  152  8:16  Zergling x2  
  153  8:20  Zergling x2  
  153  8:24  Roach x5  
  163  8:31  Zergling x6  
  153  8:38  Roach x6  
  150  8:45  Roach x3  
  149  8:50  Roach  
  149  8:54  Zergling x8  
  150  8:58  Roach x2  
  150  9:02  Roach x4  
  157  9:05  Overlord  
  157  9:08  Overlord  
  158  9:10  Zergling x6  
  158  9:11  Ravager  
  158  9:12  Overlord  
  158  9:15  Overlord  
  160  9:18  Baneling x8  
  160  9:19  Overlord  
  160  9:23  Zergling x4, Infestation Pit  
  161  9:26  Ravager x3  
  161  9:28  Zergling x6  
  161  9:31  Zergling x6  
  170  9:36  Roach x6  
  170  9:37  Zergling x2  
  180  9:45  Zergling x8  
  180  9:51  Zergling x6  
Show
View Real Time Build Order
Export as new Build Order

NightMare Protoss 

Build Orders: 1 Gate Expand 

Get SALT Encoding   

  12  0:00  Probe  
  13  0:13  Pylon  
  13  0:18  Probe (Chrono Boost)  
  15  0:29  Probe (Chrono Boost)  
  15  0:33  Probe (Chrono Boost)  
  16  0:38  Gateway  
  16  0:44  Probe  
  16  0:48  Assimilator  
  17  0:56  Probe  
  18  1:08  Probe  
  19  1:20  Probe  
  19  1:25  Nexus  
  20  1:34  Cybernetics Core  
  20  1:37  Probe  
  21  1:43  Assimilator  
  21  1:49  Probe  
  21  1:54  Pylon  
  22  2:01  Probe  
  23  2:09  Adept (Chrono Boost)  
  23  2:13  Warp Gate, Probe  
  26  2:25  Probe  
  27  2:31  Stalker  
  27  2:32  Twilight Council  
  27  2:37  Probe x2  
  31  2:49  Probe  
  31  2:50  Probe  
  33  2:55  Robotics Facility  
  33  3:01  Resonating Glaives (Chrono Boost), Probe  
  33  3:02  Probe  
  33  3:03  Gateway  
  35  3:13  Probe  
  35  3:14  Probe  
  37  3:20  Gateway  
  37  3:24  Adept  
  37  3:26  Probe  
  40  3:27  Probe  
  40  3:33  Pylon  
  41  3:40  Warp Prism (Chrono Boost), Probe  
  43  3:44  Probe  
  45  3:52  Probe  
  46  3:57  Probe  
  46  4:02  Adept x2  
  51  4:09  Observer, Nexus  
  52  4:15  Pylon  
  52  4:24  Adept  
  54  4:33  Pylon  
  54  4:34  Immortal (Chrono Boost), Pylon  
  58  4:39  Adept x2  
  62  4:47  Gateway  
  62  4:51  Probe x2  
  64  4:52  Gateway  
  64  4:57  Gateway  
  64  5:02  Assimilator  
  54  5:08  Adept x3  
  54  5:13  Probe x2  
  58  5:22  Probe  
  58  5:25  Probe x2  
  61  5:29  Adept x3  
  61  5:33  Shield Battery  
  61  5:34  Blink (Chrono Boost), Probe  
  68  5:37  Probe x2  
  70  5:43  Assimilator  
  70  5:45  Observer  
  70  5:46  Probe  
  70  5:49  Probe x2  
  73  5:54  Adept  
  73  5:55  Adept x2  
  79  5:58  Probe  
  79  6:01  Adept x2  
  79  6:03  Adept  
  86  6:07  Pylon  
  86  6:12  Probe x3, Pylon  
  86  6:16  Adept  
  91  6:19  Adept  
  91  6:23  Observer  
  93  6:27  Adept x3  
  93  6:28  Pylon  
  99  6:33  Adept  
  99  6:34  Probe x3  
  99  6:38  Robotics Bay  
  104  6:46  Probe  
  104  6:47  Probe x2  
  106  6:54  Stalker x4  
  106  6:58  Adept  
  116  7:05  Probe  
  117  7:09  Pylon x2  
  117  7:22  Gateway  
  117  7:25  Assimilator  
  117  7:26  Gateway, Shield Battery  
  115  7:34  Stalker x4  
  115  7:36  Stalker x2  
  124  7:47  Pylon  
  124  7:48  Pylon  
  124  7:51  Forge  
  124  8:04  Pylon  
  124  8:05  Stalker x5  
  124  8:06  Stalker  
  124  8:10  Colossus (Chrono Boost)  
  142  8:21  Pylon  
  142  8:26  Stalker x2  
  146  8:33  Stalker x3, Adept  
  140  8:39  Adept x2  
  81  9:10  Stalker x7  
  81  9:13  Stalker  
  97  9:34  Stalker x4  
Tags
 
Add a new tag
Caveats
  • Supply blocks, unpowered buildings, or Contaminate may cause inaccurate times.
  • Supply counts are checked every 10 seconds.